 Dungeon Crawl Stone Soup version 0.17-a0-2069-g0f4ee5b (webtiles) character file.

293 graki42 the Magician (level 6, -1/34 HPs)
             Began as a Deep Elf Fire Elementalist on Oct 13, 2015.
             Slain by a hobgoblin
             ... wielding a +0 club
              (4 damage)
             ... on level 3 of the Dungeon.
             The game lasted 00:12:50 (3621 turns).

graki42 the Magician (Deep Elf Fire Elementalist)   Turns: 3621, Time: 00:12:50

Health: -1/34      AC:  2    Str:  7    XL:     6   Next: 11%
Magic:  3/16       EV: 19    Int: 20    God:
Gold:   217        SH:  0    Dex: 20    Spells: 3 memorised, 9 levels left

rFire  . . .     SeeInvis +     (no weapon)
rCold  . . .     Clarity  .     a - +0 robe
rNeg   . . .     SustAt   .     (no shield)
rPois  .         Gourm    .     (no helmet)
rElec  .         Spirit   .     (no cloak)
rCorr  .         Warding  .     (no gloves)
rMut   .         Stasis   .     (no boots)
MR     .....                    (no amulet)
Stlth  +++.......               (no ring)
                                k - ring of see invisible

@: agile, not resistant to hostile enchantments, fairly stealthy
A: no striking features
a: no special abilities


You were on level 3 of the Dungeon.
You were hungry.

You visited 1 branch of the dungeon, and saw 3 of its levels.
You also visited: Sewer.

You collected 217 gold pieces.

Inventory:

Hand Weapons
 h - a +3 short sword of distortion
Missiles
 e - 3 tomahawks of returning (quivered)
Armour
 a - a +0 robe (worn)
Jewellery
 k - a ring of see invisible (left hand)
Scrolls
 d - a scroll of teleportation
 i - 2 scrolls of identify {unknown}
 p - 2 scrolls of remove curse
Potions
 f - a potion of agility
 g - a potion of brilliance {unknown}
 n - a potion of flight {unknown}
 o - a potion of ambrosia {unknown}
 q - 2 potions of degeneration {unknown}
 s - a potion of heal wounds {unknown}
Books
 b - a book of Flames

   Spells                             Type                      Level
   a - Flame Tongue                   Conjuration/Fire             1
   b - Throw Flame                    Conjuration/Fire             2
   c - Conjure Flame                  Conjuration/Fire             3
   d - Inner Flame                    Hexes/Fire                   3
   e - Sticky Flame                   Conjuration/Fire             4
   f - Fireball                       Conjuration/Fire             5
Comestibles
 c - 2 bread rations
 j - 4 royal jellies
 l - a meat ration
 m - a beef jerky


   Skills:
 * Level 1.2 Fighting
 + Level 0.2 Throwing
 - Level 3.0 Dodging
 - Level 2.4 Stealth
 * Level 5.5 Spellcasting
 * Level 3.1 Conjurations
 * Level 4.9 Fire Magic


You had 9 spell levels left.
You knew the following spells:

 Your Spells              Type           Power        Failure   Level  Hunger
a - Flame Tongue          Conj/Fire      ###..        2%          1    None
b - Conjure Flame         Conj/Fire      ###.....     10%         3    ##.....
c - Inner Flame           Hex/Fire       ###.....     14%         3    ##.....


Dungeon Overview and Level Annotations

Branches:
Dungeon (3/15)

Altars:
Ashenzari
Dithmenos
Sif Muna


Message History

The gnoll is severely wounded.
The gnoll hits you from afar with an enchanted spear.
* * * LOW HITPOINT WARNING * * *
Drink which item? (? for menu, Esc to quit)
It was a potion of agility.
You feel agile all of a sudden. The gnoll closely misses you.
Read which item? (? for menu, Esc to quit)
Okay, then.
Drink which item? (? for menu, Esc to quit)
Okay, then.
Casting: Flame Tongue
Confirm with . or Enter, or press ? or * to list all spells.
Aiming: Flame Tongue
Press: ? - help, Shift-Dir - straight line, f/p - gnoll
Aim: a gnoll, wielding an enchanted spear (severely wounded)
The flame tongue misses the hobgoblin.
The flame tongue hits the gnoll.
You kill the gnoll!
The hobgoblin hits you with a club.
You die...

################### ########
....#.......#.....## ##.....)#
....#.......'......###.......#
....#########.......#(..())).##
.....#......))......#.)(........
.(...)..)....)..@g)g))).........
.....#.....).)......#...........
....#########.......#........##'
....#.......'......###.......#
...†#.......#.....## ##......#
#''###########################
....≈≈≈≈≈≈≈≈≈≈≈≈≈≈≈≈≈≈≈≈≈≈≈≈≈####
.....≈≈≈≈≈≈≈≈≈≈≈≈≈≈≈≈≈≈≈≈≈≈≈≈≈≈≈≈
....≈≈≈≈≈≈≈≈≈≈≈≈≈≈≈≈≈≈≈≈≈≈≈≈≈≈≈≈≈


You could see a hobgoblin and a goblin.

Vanquished Creatures
  A crocodile (Sewer)
  An orc wizard (D:3)
  A gnoll (D:3)
  7 adders
  4 worms
  4 giant geckos
  2 ball pythons (D:3)
  4 bats
  5 giant cockroaches
  26 goblins
  22 hobgoblins
  14 kobolds
  3 giant newts
  7 jackals
  9 rats
110 creatures vanquished.

Notes
Turn   | Place    | Note
--------------------------------------------------------------
     0 | D:1      | graki42 the Deep Elf Fire Elementalist began the quest for the Orb.
     0 | D:1      | Reached XP level 1. HP: 10/10 MP: 6/6
   141 | D:1      | Reached XP level 2. HP: 10/15 MP: 5/8
   804 | D:2      | Reached skill level 4 in Fire Magic
   804 | D:2      | Reached XP level 3. HP: 15/19 MP: 5/10
   875 | D:2      | Learned a level 3 spell: Conjure Flame
  1433 | D:2      | Learned a level 3 spell: Inner Flame
  1478 | D:2      | Found a deep blue altar of Sif Muna.
  1482 | D:2      | Reached XP level 4. HP: 24/24 MP: 7/12
  1621 | D:2      | Found a shadowy altar of Dithmenos.
  1965 | D:3      | Found a shattered altar of Ashenzari.
  2105 | D:3      | Found a glowing drain.
  2110 | D:3      | Reached XP level 5. HP: 28/28 MP: 9/14
  2118 | Sewer    | Entered a sewer
  2429 | Sewer    | Reached skill level 1 in Fighting
  2429 | Sewer    | Reached skill level 5 in Spellcasting
  3467 | D:3      | Reached XP level 6. HP: 34/34 MP: 8/16
  3621 | D:3      | Slain by a hobgoblin

Vault maps used:
D:1:      ncdulo_halloftheorcs
D:2:      lemuel_crystal_altar, overflow_temple_1_default, serial_bayou_pond_b
D:3:      minmay_goblin_kobold_castle, nicolae_ashenzari_panopticon,
          portal_sewer_entry_b, first_bread, minmay_misc_feat_doors
Sewer:    sewer_the_crocodile

Action                   |  1- 3 |  4- 6 || total
-------------------------+-------+-------++-------
Melee: Unarmed           |     3 |       ||     3
Throw: Tomahawk          |     3 |       ||     3
 Cast: Flame Tongue      |    56 |   138 ||   194
       Conjure Flame     |     3 |     3 ||     6
  Use: Scroll            |       |     7 ||     7
       Potion            |       |     1 ||     1
  Eat: Chunk             |     2 |     6 ||     8
